 Dungeon Crawl Stone Soup version 0.24.0-2-g5b39cebb1c (webtiles) character file.

Game seed: 12497169251667644923, levelgen mode: deterministic

198 Mrkan the Ruffian (level 5, 0/50 HPs)
             Began as a Troll Monk on Oct 31, 2019.
             Succumbed to a worker ant's poison
             ... on level 3 of the Dungeon.
             The game lasted 00:02:30 (1697 turns).

Mrkan the Ruffian (Troll Monk)                      Turns: 1697, Time: 00:02:30

Health: 0/50       AC:  6    Str: 16 (19) XL:     5   Next: 47%
Magic:  4/4        EV: 10    Int:  5 (7)  God:
Gold:   80         SH:  0    Dex: 11 (12) Spells: 4/4 levels left

rFire    . . .     SeeInvis .     - Unarmed
rCold    . . .     Gourm    +   (no shield)
rNeg     . . .     Faith    .   a - +0 robe
rPois    .         Spirit   .   (helmet restricted)
rElec    .         Reflect  .   (no cloak)
rCorr    .         Harm     .   (gloves unavailable)
MR       .....                  (boots unavailable)
Stlth    +.........             (no amulet)
HPRegen  0.56/turn              (no ring)
MPRegen  0.09/turn              (no ring)

@: lethally poisoned (0 -> -11)
A: large, unfitting armour, claws 3, fast metabolism 3, gourmand, regeneration
1, shaggy fur 1, tough skin 3
a: no special abilities


You were on level 3 of the Dungeon.
You were not hungry.

You visited 1 branch of the dungeon, and saw 3 of its levels.

You collected 80 gold pieces.

Inventory:

Armour
 a - a +0 robe (worn)
Jewellery
 m - an uncursed ring of ice {unknown}
Scrolls
 c - 3 scrolls of teleportation {unknown}
 g - a scroll of enchant weapon {unknown}
 i - a scroll of immolation {unknown}
 l - a scroll of identify {unknown}
 n - a scroll of remove curse {unknown}
Potions
 d - a potion of degeneration
 e - a potion of haste {unknown}
 f - 2 potions of heal wounds {unknown}
 h - a potion of cancellation {unknown}
 j - 3 potions of resistance {unknown}
 k - 2 potions of curing {unknown}
Comestibles
 b - 3 rations


   Skills:
 - Level 2.4 Fighting
 - Level 2.4 Dodging
 - Level 1.0 Stealth
 * Level 6.2 Unarmed Combat


You had 4 spell levels left.
You didn't know any spells.
Your spell library was empty.

Dungeon Overview and Level Annotations

Branches:
Dungeon (3/15)

Altars:


Innate Abilities, Weirdness & Mutations

You are too large for most types of armour.
You have claws for hands.
Your metabolism is lightning-fast.
You like to eat raw meat.
Your natural rate of healing is unusually fast.
You are covered in fur. (AC +1)
You have extremely tough skin. (AC +3)


Message History

You scratch the worker ant but do no damage.
The worker ant is heavily wounded.
You feel sick. The worker ant bites you.
* * * LOW HITPOINT WARNING * * *
You are more poisoned.
The worker ant poisons you!
You scratch the worker ant but do no damage.
The worker ant is heavily wounded.
You feel sick. The worker ant bites you.
* * * LOW HITPOINT WARNING * * *
You are more poisoned.
The worker ant poisons you!
You claw the worker ant!
You kill the worker ant!
* * * LOW HITPOINT WARNING * * *
You feel sick.
It was a potion of degeneration.
There was something very wrong with that liquid.
You feel weakened.
You feel dopey.
You feel clumsy.
You die...

... #. ..# #.
##..#
#.##...#
#...... .....
##..#
######...####
..........r@+
######...####
###..# #.<..#
#.#### #.#
#.# #.# #.#


You could see a rat.

Vanquished Creatures
  An ogre (D:2)
  A howler monkey (D:3)
  A worker ant (D:3)
  2 adders (D:2)
  A worm (D:2)
  A leopard gecko (D:1)
  3 bats
  2 giant cockroaches
  6 goblins
  A hobgoblin (D:2)
  4 jackals (D:1)
  3 kobolds (D:1)
  A quokka (D:3)
  2 frilled lizards
  5 rats
34 creatures vanquished.

Notes
Turn   | Place    | Note
-------+----------+-------------------------------------------
     0 | D:1      | Mrkan the Troll Monk began the quest for the Orb.
     0 | D:1      | Reached XP level 1. HP: 22/22 MP: 0/0
   292 | D:1      | Reached XP level 2. HP: 28/29 MP: 1/1
  1012 | D:2      | Reached skill level 4 in Unarmed Combat
  1028 | D:2      | Reached XP level 3. HP: 36/36 MP: 2/2
  1193 | D:2      | Noticed an ogre
  1198 | D:2      | Killed an ogre
  1198 | D:2      | Reached skill level 5 in Unarmed Combat
  1198 | D:2      | Reached XP level 4. HP: 44/44 MP: 3/3
  1688 | D:3      | Reached skill level 6 in Unarmed Combat
  1688 | D:3      | Reached XP level 5. HP: 25/50 MP: 4/4
  1696 | D:3      | HP: 2/50 [poisoned by a worker ant]
  1697 | D:3      | Succumbed to a worker ant's poison

Levels and vault maps discovered:
D:1:      scummos_arrival_gate, layout_basic
D:2:      layout_loops_ring
D:3:      layout_loops_corners

Skill      XL: |  1  2  3  4 |
---------------+-------------+-----
Unarmed Combat | 4 5 6 |  6.2
Fighting       | |  2.4
Dodging        | |  2.4
Stealth        | |  1.0

Action                   |  1- 3 |  4- 6 || total
-------------------------+-------+-------++-------
Melee: Unarmed           |    74 |    25 ||    99
       Punch             |       |     1 ||     1
  Use: Potion            |       |     1 ||     1
 Stab: Sleeping          |     4 |       ||     4
  Eat: Chunk             |    11 |     4 ||    15
Armor: Robe              |    30 |     4 ||    34
Dodge: Dodged            |    67 |    10 ||    77
